cohdb
Replays
Latest Replays
All Replays
Popular Replays
Top Player Replays
Match Explorer
How It Works
Community
CoH3 Stats
Reddit
Sign in to upload your games and track your stats! →
Sign in with Steam
Match 42634327
Unlisted
Match 42634327
Overview
Messages
Build Orders
End
Royal Engineer Section
Construct Section Command Post
Selects Canadian Shock Battlegroup
Selects Canadian Shock Battlegroup
Dingo Light Scout Car
Infantry Section
Infantry Section
Dingo Light Scout Car
Construct Platoon Command Post
Selects Attacking Spirit
Humber Armored Car
6-pounder Anti-tank Gun Team
Infantry Section
Infantry Section
Selects Incendiary Munitions
Selects Pyrotechnics
Construct Company Command Post
Grenade Package
Crusader II Medium Tank
Selects Demolition Engineering
Selects Canadian Shock Section
Selects Point Assault
Crusader II Medium Tank
Crusader II Medium Tank
.
KevinTDW
REDFORCE
反内卷办公室主任
0
0
Comments
sign in to comment!
No comments posted yet!